 Dungeon Crawl Stone Soup version 0.23.2-1-ga50397a (webtiles) character file.

Game seed: 16643987285546974549

7694 doot the Zephyrmancer (level 11, -25/57 HPs)
             Began as a Tengu Air Elementalist on May 12, 2019.
             Was an Elder of Vehumet.
             Hit by a large rock thrown by a cyclops (41 damage)
             ... on level 10 of the Dungeon.
             The game lasted 00:32:45 (14413 turns).

doot the Zephyrmancer (Tengu Air Elementalist)     Turns: 14413, Time: 00:32:45

Health: -25/57     AC:  6    Str:  8    XL:     11   Next: 19%
Magic:  8/26       EV: 16    Int: 18    God:    Vehumet [****..]
Gold:   714        SH:  0    Dex: 16    Spells: 4/30 levels left

rFire    + + .     SeeInvis .   J - +4 morningstar
rCold    . . .     Gourm    .   (no shield)
rNeg     . . .     Faith    .   q - +2 robe {rF+}
rPois    .         Spirit   .   (helmet restricted)
rElec    .         Reflect  .   x - +0 cloak
rCorr    .         Harm     .   F - +0 pair of gloves
MR       +....                  (boots unavailable)
Stlth    +++.......             N - amulet of rage
HPRegen  0.19/turn              k - ring of protection from magic
MPRegen  0.20/turn              Q - ring of protection from fire

@: flying quickly and evasively, quick
A: beak, talons 3, able to fly
a: Stop Flying, Renounce Religion, Evoke Berserk Rage


You were on level 10 of the Dungeon.
You worshipped Vehumet.
Vehumet was greatly pleased with you.
You were not hungry.

You visited 2 branches of the dungeon, and saw 11 of its levels.

You collected 714 gold pieces.

Inventory:

Hand Weapons
 n - a +0 whip
 A - a +2 whip of freezing
 I - a cursed +4 battleaxe of freezing
 J - a +4 morningstar (weapon)
 P - a +3 scimitar of flaming
Armour
 a - a +0 robe
 q - a +2 robe of fire resistance (worn)
 u - the +1 leather armour "Tirud" {Str+4 SInv}
   (You found it on level 4 of the Dungeon)

   It affects your strength (+4).
   It lets you see invisible.
 x - a +0 cloak (worn)
 y - a +0 buckler
 F - a +0 pair of gloves (worn)
 G - a scarf of cloud immunity
Jewellery
 j - an uncursed ring of stealth
 k - a ring of protection from magic (left hand)
 N - an amulet of rage (around neck)
 Q - a ring of protection from fire (right hand)
Wands
 H - a wand of iceblast (4)
 L - a wand of polymorph (10)
Scrolls
 b - 4 scrolls of teleportation
 g - 6 scrolls of remove curse
 h - 6 scrolls of identify
 l - a scroll of fear {unknown}
 o - 4 scrolls of amnesia {unknown}
 p - 2 scrolls of enchant armour {unknown}
 s - 5 scrolls of magic mapping
 t - a scroll of random uselessness {unknown}
 v - a scroll of fog {unknown}
 B - a scroll of summoning {unknown}
 M - a scroll of immolation {unknown}
 R - a scroll of blinking {unknown}
Potions
 d - 3 potions of agility
 e - a potion of flight
 f - a potion of haste
 i - 9 potions of curing
 m - 2 potions of cancellation
 r - a potion of lignification
 w - 2 potions of resistance
 z - a potion of degeneration
 C - 2 potions of magic
 D - 2 potions of berserk rage
 E - a potion of might
 K - a potion of mutation
 O - a potion of heal wounds {unknown}
Comestibles
 c - 19 rations


   Skills:
 + Level 2.2 Fighting
 + Level 3.1 Maces & Flails
 + Level 3.1 Dodging
 + Level 4.1 Stealth
 + Level 10.0 Spellcasting
 + Level 8.5 Conjurations
 + Level 0.5 Charms
 + Level 0.7 Necromancy
 + Level 13.0 Air Magic
 + Level 0.2 Poison Magic


You had 4 spell levels left.
You knew the following spells:

 Your Spells              Type           Power        Failure   Level  Hunger
a - Shock                 Conj/Air       ####         1%          1    None
b - Swiftness             Chrm/Air       ####....     1%          2    None
c - Static Discharge      Conj/Air       #####...     1%          3    None
d - Airstrike             Air            ######....   1%          4    ###....
e - Lightning Bolt        Conj/Air       #####.....   1%          5    #####..
f - Regeneration          Chrm/Necr      ##........   19%         3    None
g - Mephitic Cloud        Conj/Pois/Air  #####...     1%          3    None
h - Bolt of Draining      Conj/Necr      ####......   9%          5    #####..

Your spell library contained the following spells:

 Spells                   Type           Power        Failure   Level  Hunger
 Animate Skeleton         Necr           N/A          6%          1    None
 Pain                     Necr           ##..         6%          1    None
 Confusing Touch          Hex            #.....       8%          1    None
 Vampiric Draining        Necr           ##........   17%         3    None
 Confuse                  Hex            #.......     24%         3    None
 Gell's Gravitas          Tloc           #.........   24%         3    None
 Animate Dead             Necr           N/A          50%         4    ###....
 Petrify                  Tmut/Erth      #.......     61%         4    ###....
 Yara's Violent Unravell  Hex/Tmut       #.........   45%         5    #####..
 Metabolic Englaciation   Hex/Ice        #.........   91%         5    #####..


Dungeon Overview and Level Annotations

Branches:
Dungeon (10/15)            Temple (1/1) D:4            Lair (0/6) D:9
    Orc (0/2) D:10

Altars:
Ashenzari
Cheibriados
Dithmenos
Elyvilon
Fedhas
Gozag
Hepliaklqana
Kikubaaqudgha
Makhleb
Nemelex Xobeh
Okawaru
Qazlal
Ru
Sif Muna
Trog
Uskayaw
Vehumet
Wu Jian
Xom
Yredelemnul
Zin
The Shining One
Beogh


Innate Abilities, Weirdness & Mutations

You have a beak for a mouth.
You have claws for feet.
You can fly continuously.


Message History

The cyclops throws a large rock.
The large rock hits you!!!
Ouch! That really hurt!
* * * LOW HITPOINT WARNING * * *
Casting: Airstrike (safe; 1% risk of failure)
Confirm with . or Enter, or press ? or * to list all spells.
Aiming: Airstrike (safe; 1% risk of failure)
Press: ? - help, Dir - move target cursor, f/p - cyclops
Aim: a cyclops (moderately wounded)
The air twists around and strikes the cyclops!
The cyclops is heavily wounded.
Casting: Airstrike (safe; 1% risk of failure)
Confirm with . or Enter, or press ? or * to list all spells.
Aiming: Airstrike (safe; 1% risk of failure)
Press: ? - help, Dir - move target cursor, f/p - cyclops
Aim: a cyclops (heavily wounded)
The air twists around and strikes the cyclops!
The cyclops is severely wounded.
The cyclops throws a large rock.
The large rock hits you!!!
Ouch! That really hurt!
You die...

################# #
#...............# #
#...............# #
#...............###########
#.........@......C.........
##############..........[[.
#.............
##############...........C.
#..........................
###################......).
##########........
..................
..............<...


You could see a cyclops.

Vanquished Creatures
  Erica (D:9)
  A two-headed ogre (D:8)
  An unseen horror (D:9)
  A komodo dragon (D:9)
  2 trolls (D:10)
  A hippogriff (D:9)
  A spriggan (D:8)
  A wraith (D:7)
  3 water moccasins
  A black bear (D:6)
  2 orc warriors
  3 ice beasts
  3 sky beasts
  6 ogres
  3 phantoms
  2 centaurs
  2 big kobolds
  2 bullfrogs
  A wyvern zombie (D:8)
  An elf skeleton (D:7)
  2 scorpions (D:5)
  6 wights
  2 howler monkeys
  7 crimson imps
  6 human zombies (D:7)
  4 jellies
  5 hounds
  8 orc priests
  A bullfrog skeleton (D:9)
  Jessica (D:3)
  2 iguanas
  12 orc wizards
  A human skeleton (D:7)
  10 worker ants
  A killer bee zombie (D:9)
  A mummy (D:7)
  Robin (D:2)
  10 gnolls
  A worker ant zombie (D:7)
  6 adders
  A shadow imp (D:8)
  An ooze (D:1)
  An adder zombie (D:6)
  2 adder skeletons
  3 worms (D:3)
  2 dart slugs
  5 leopard geckos
  28 orcs
  5 giant cockroaches
  16 hobgoblins
  8 jackals
  13 kobolds
  2 quokkas
  5 ball pythons
  7 bats
  5 frilled lizards
  16 goblins
  A jackal zombie (D:5)
  A leopard gecko zombie (D:6)
  9 rats
256 creatures vanquished.

Vanquished Creatures (others)
  A plant (D:9)
1 creature vanquished.

Grand Total: 257 creatures vanquished

Notes
Turn   | Place    | Note
-------+----------+-------------------------------------------
     0 | D:1      | doot the Tengu Air Elementalist began the quest for the
                  | Orb.
     0 | D:1      | Reached XP level 1. HP: 10/10 MP: 4/4
   224 | D:1      | Reached XP level 2. HP: 13/15 MP: 3/6
   645 | D:2      | Noticed a centaur
   756 | D:2      | Reached XP level 3. HP: 19/19 MP: 4/7
   792 | D:2      | Noticed Robin
   805 | D:2      | Killed Robin
   903 | D:2      | Learned a level 2 spell: Swiftness
   907 | D:2      | Learned a level 3 spell: Static Discharge
  1172 | D:2      | Found a hide-covered altar of Uskayaw.
  1184 | D:2      | Reached skill level 5 in Air Magic
  1438 | D:3      | Noticed Jessica
  1739 | D:3      | Reached XP level 4. HP: 23/24 MP: 1/9
  1931 | D:4      | Found a staircase to the Ecumenical Temple.
  1936 | Temple   | Entered the Ecumenical Temple
  2038 | Temple   | Became a worshipper of Vehumet
  2121 | D:3      | Killed Jessica
  2125 | D:3      | Gained mutation: You can fly continuously. [Tengu growth]
  2125 | D:3      | Reached XP level 5. HP: 28/28 MP: 0/10
  2233 | D:3      | Learned a level 4 spell: Airstrike
  2709 | D:2      | Killed a centaur
  3315 | D:3      | Reached XP level 6. HP: 32/32 MP: 1/12
  3422 | D:3      | HP: 1/32 [orc priest/divine providence (16)]
  3962 | D:4      | Reached skill level 6 in Air Magic
  4243 | D:4      | Got a slimy leather armour
  4244 | D:4      | Identified the +1 leather armour "Tirud" {Str+4 SInv} (You
                  | found it on level 4 of the Dungeon)
  4291 | D:4      | Found a white marble altar of Elyvilon.
  4718 | D:5      | Entered Level 5 of the Dungeon
  5066 | D:5      | Reached * piety under Vehumet
  5066 | D:5      | Offered knowledge of Sandblast by Vehumet.
  5066 | D:5      | Reached XP level 7. HP: 36/36 MP: 6/14
  5487 | D:5      | Reached skill level 7 in Air Magic
  5609 | D:5      | Reached skill level 5 in Conjurations
  5951 | D:5      | Reached XP level 8. HP: 36/41 MP: 10/16
  6091 | D:5      | Reached skill level 5 in Spellcasting
  6091 | D:5      | Reached skill level 8 in Air Magic
  6098 | D:5      | Learned a level 5 spell: Lightning Bolt
  6370 | D:5      | Found a burning altar of Makhleb.
  7204 | D:6      | Reached skill level 9 in Air Magic
  7411 | D:6      | Offered knowledge of Freeze by Vehumet.
  7608 | D:6      | Reached ** piety under Vehumet
  7992 | D:3      | Found a blossoming altar of Fedhas.
  8230 | D:7      | Learned a level 3 spell: Regeneration
  8234 | D:7      | Reached XP level 9. HP: 44/46 MP: 11/19
  8433 | D:7      | Reached skill level 10 in Air Magic
  8687 | D:7      | Offered knowledge of Mephitic Cloud by Vehumet.
  8692 | D:7      | Learned a level 3 spell: Mephitic Cloud
  9768 | D:7      | Reached *** piety under Vehumet
  9768 | D:7      | Reached skill level 1 in Maces & Flails
  9905 | D:7      | Reached skill level 1 in Fighting
 10125 | D:7      | Found a basalt altar of Yredelemnul.
 10383 | D:7      | Found a shadowy altar of Dithmenos.
 10385 | D:7      | Reached skill level 11 in Air Magic
 10498 | D:8      | Noticed a two-headed ogre
 10518 | D:8      | Killed a two-headed ogre
 10518 | D:8      | Reached XP level 10. HP: 53/53 MP: 3/22
 11288 | D:8      | Offered knowledge of Ignite Poison by Vehumet.
 11697 | D:8      | Reached skill level 12 in Air Magic
 11912 | D:8      | Reached **** piety under Vehumet
 12405 | D:9      | Killed an unseen horror
 12588 | D:9      | Found a roughly hewn altar of Beogh.
 12942 | D:9      | Offered knowledge of Bolt of Draining by Vehumet.
 12950 | D:9      | Learned a level 5 spell: Bolt of Draining
 13267 | D:9      | Noticed Erica
 13272 | D:9      | Killed Erica
 13272 | D:9      | Reached XP level 11. HP: 41/57 MP: 9/25
 13457 | D:9      | Found a staircase to the Lair.
 13763 | D:10     | Entered Level 10 of the Dungeon
 13763 | D:10     | Found a staircase to the Orcish Mines.
 13768 | D:10     | Reached skill level 13 in Air Magic
 13865 | D:10     | Noticed a cyclops
 14303 | D:10     | Reached skill level 10 in Spellcasting
 14413 | D:10     | Hit by a large rock thrown by a cyclops

Skill      XL: |  1  2  3  4  5  6  7  8  9 10 11 |
---------------+----------------------------------+-----
Conjurations   | 2 3 4 5 7 8 |  8.5
Air Magic      | 5 6 7 9 11 12 13 | 13.0
Spellcasting   | 3 4 6 7 9 10 | 10.0
Stealth        | 3 4 |  4.1
Maces & Flails | 2 3 |  3.1
Fighting       | 2 |  2.2
Dodging        | 3 |  3.1
Charms         | |  0.5
Necromancy     | |  0.7
Poison Magic   | |  0.2

Action                   |  1- 3 |  4- 6 |  7- 9 | 10-12 || total
-------------------------+-------+-------+-------+-------++-------
Melee: Whip              |     1 |     3 |    10 |       ||    14
       Peck              |       |       |     8 |       ||     8
       Kick              |       |       |     7 |     2 ||     9
       Morningstar       |       |       |    32 |    10 ||    42
 Cast: Shock             |    60 |    76 |   203 |    87 ||   426
       Static Discharge  |     2 |    19 |    33 |    10 ||    64
       Airstrike         |       |       |    53 |    75 ||   128
       Mephitic Cloud    |       |       |     1 |     1 ||     2
       Regeneration      |       |       |       |     7 ||     7
       Lightning Bolt    |       |       |       |     4 ||     4
       Bolt of Draining  |       |       |       |     2 ||     2
 Abil: Fly               |       |     1 |       |       ||     1
Evoke: Wand              |       |       |       |     1 ||     1
  Use: Scroll            |       |     8 |     5 |     3 ||    16
 Stab: Sleeping          |       |       |     4 |       ||     4
       Distracted        |       |       |       |     1 ||     1
  Eat: Chunk             |     3 |    12 |    17 |    17 ||    49
       Ration            |       |       |     2 |     1 ||     3
Armor: Robe              |     6 |     6 |    18 |     8 ||    38
Dodge: Dodged            |    14 |    21 |    41 |    26 ||   102
